 Dungeon Crawl Stone Soup version 0.27.1-16-g815e20cd7a (webtiles) character file.

Game seed: 4225797191679789112

25 riftmaster1123 the Digger (level 3, -6/19 HPs)
             Began as a Gargoyle Earth Elementalist on Nov 21, 2021.
             Killed by divine providence
             ... invoked by an orc priest
              (12 damage)
             ... on level 2 of the Dungeon.
             The game lasted 00:09:54 (1106 turns).

riftmaster1123 the Digger (GrEE)                    Turns: 1106, Time: 00:09:55

Health: -6/19      AC:  6    Str: 11    XL:     3   Next: 6%
Magic:  6/6        EV: 12    Int: 16    God:
Gold:   78         SH:  0    Dex: 10    Spells: 0/6 levels left

rFire    . . .     SeeInvis .   h - +0 short sword
rCold    . . .     Faith    .   (no shield)
rNeg     + . .     Spirit   .   b - +1 robe
rPois    ∞         Reflect  .   (no helmet)
rElec    +         Harm     .   (no cloak)
rCorr    .         Rampage  .   (no gloves)
Will     .....                  (no boots)
Stlth    ++........             g - amulet of magic regeneration
HPRegen  0.06/turn              (no ring)
MPRegen  0.35/turn              (no ring)

@: no status effects
A: sickness immunity, AC +3, negative energy resistance 1, electricity
resistance, torment resistance 1, petrification resistance
a: no special abilities


You were on level 2 of the Dungeon.
You visited 1 branch of the dungeon, and saw 2 of its levels.

You collected 78 gold pieces.

Inventory:

Hand Weapons
 h - a +0 short sword (weapon)
Missiles
 c - 4 stones
 d - 21 sling bullets
Armour
 a - a +0 plate armour
 b - a +1 robe (worn)
Jewellery
 g - an amulet of magic regeneration (around neck)


   Skills:
 * Level 1.9 Dodging
 + Level 2.3 Stealth
 + Level 0.6 Unarmed Combat
 + Level 2.3 Spellcasting
 + Level 0.7 Transmutations
 + Level 4.2 Earth Magic


You couldn't memorise any spells.
You knew the following spells:

 Your Spells              Type           Power      Damage    Failure   Level
a - Sandblast             Erth           30%        2d9       3%          1
b - Passwall              Tmut/Erth      7%         N/A       11%         2
c - Stone Arrow           Conj/Erth      16%        3d8       26%         3

Your spell library contained the following spells:

 Spells                   Type           Power      Damage    Failure   Level
 Petrify                  Tmut/Erth      9%         N/A       58%         4
 Iskenderun's Battlesphe  Conj           1%         2d6       99%         5
 Iron Shot                Conj/Erth      4%         9d2       100%        6
 Spellforged Servitor     Conj/Summ      0%         N/A       100%        7


Dungeon Overview and Level Annotations

Branches:
Dungeon (2/15)

Altars:


Innate Abilities, Weirdness & Mutations

You are immune to sickness and miasma.
Your stone body is resilient. (AC +3)
You are immune to poison.
You resist negative energy. (rN+)
You are resistant to electric shocks. (rElec)
You are resistant to unholy torment.
You are immune to petrification.


Message History

You kill the endoplasm!
This spell is potentially lethal to cast!
Memorise Stone Arrow, consuming 3 spell levels and leaving 0?
You start memorising the spell.
You continue memorising. x2
Your magical contamination has completely faded away.
You continue memorising.
You finish memorising.
Spell assigned to 'c'.
An orc priest comes into view. It is wielding a +0 mace of draining.
Found a scroll of immolation.
Casting: Sandblast (safe; 3% risk of failure)
Confirm with . or Enter, or press ? or * to list all spells.
You can't see any susceptible monsters within range! (Use Z to cast anyway.)
An orc wizard comes into view. It is wielding a +0 dagger.
The orc priest shouts!
The orc priest mumbles some strange prayers to Beogh against you.
Beogh smites you!
Ouch! That really hurt!
An orc comes into view. It is wielding a +0 dagger.
The orc wizard shouts!
The orc wizard casts a spell at you. The puff of flame misses you.
The orc shouts!
You see here 21 stones.
Casting: Sandblast (safe; 3% risk of failure)
Confirm with . or Enter, or press ? or * to list all spells.
The spell is potentially lethal to cast (26% risk of failure)!
Continue anyway?
Okay, then.
Casting: Stone Arrow (potentially lethal; 26% risk of failure)
Confirm with . or Enter, or press ? or * to list all spells.
The spell is potentially lethal to cast (26% risk of failure)!
Continue anyway?
Uppercase [Y]es or [N]o only, please.
The spell is potentially lethal to cast (26% risk of failure)!
Continue anyway?
Okay, then.
Welcome back, riftmaster1123 the Gargoyle Earth Elementalist.
Press ? for a list of commands and other information.
The orc priest miscasts a cantrip.
The orc priest mumbles some strange prayers to Beogh against you.
Beogh smites you!
Ouch! That really hurt!
You die...

.........#
........# ..
.......#....
#####......#....
...........#....
..o.....?.......
...oo.......#+##
........@......#
.......(.......#
...............#
......##.......#
...... #....####
..... #....#
..... #....#
.... ..#....#
########.#.#'##


You could see an orc priest, an orc wizard and an orc.

Vanquished Creatures
  3 ball pythons (D:1)
  2 bats (D:1)
  3 endoplasms
  2 giant cockroaches
  2 hobgoblins (D:1)
  A quokka (D:1)
  3 frilled lizards (D:1)
  4 kobolds (D:1)
  3 rats (D:1)
23 creatures vanquished.

Notes
Turn   | Place    | Note
-------+----------+-------------------------------------------
     0 | D:1      | riftmaster1123 the Gargoyle Earth Elementalist began the
                  | quest for the Orb.
     0 | D:1      | Reached XP level 1. HP: 10/10 MP: 3/3
   575 | D:1      | Reached XP level 2. HP: 15/15 MP: 1/5
   578 | D:1      | Learned a level 2 spell: Passwall
   705 | D:1      | Reached skill level 4 in Earth Magic
   835 | D:1      | Found a faded altar of an unknown god.
  1028 | D:2      | Reached XP level 3. HP: 19/19 MP: 3/6
  1040 | D:2      | Learned a level 3 spell: Stone Arrow
  1106 | D:2      | Killed from afar by an orc priest

Illustrated notes

Levels and vault maps discovered:
D:1:      dpeg_arrival_erosion, layout_basic,
          dreamdust_ecumenical_altar_statues, kennysheep_nondescript
D:2:      layout_basic, kennysheep_cross_room, minmay_worlds_worst_comb,
          uniq_jessica

Skill      XL: |  1  2 |
---------------+-------+-----
Earth Magic    | 4 |  4.2
Dodging        | |  1.9
Stealth        | |  2.3
Unarmed Combat | |  0.6
Spellcasting   | |  2.3
Transmutations | |  0.7

Action                   || total
-------------------------++-------
Melee: Unarmed           ||    14
       Short sword       ||     7
 Cast: Sandblast         ||    33
  Use: Scroll            ||     3
       Potion            ||     1
Armor: Plate armour      ||     8
       Robe              ||     7
Dodge: Dodged            ||    10
